 Dungeon Crawl Stone Soup version 0.27.1 (webtiles) character file.

Game seed: 3132886269522886738

685 leafyfresh the Magician (level 7, 0/51 HPs)
             Began as a Gnoll Hedge Wizard on Aug 22, 2021.
             Slain by an orc (4 damage)
             ... on level 5 of the Dungeon.
             The game lasted 00:13:40 (9165 turns).

leafyfresh the Magician (Gnoll Hedge Wizard)        Turns: 9165, Time: 00:13:42

Health: 0/51       AC:  3    Str:  9    XL:     7   Next: 62%
Magic:  10/18      EV: 14    Int: 14    God:
Gold:   285        SH:  0    Dex: 13    Spells: 13/21 levels left

rFire    . . .     SeeInvis .   l - +2 whip (pain)
rCold    . . .     Faith    .   (no shield)
rNeg     . . .     Spirit   .   b - +0 robe
rPois    .         Reflect  .   c - +0 hat
rElec    .         Harm     .   (no cloak)
rCorr    .         Rampage  .   p - +0 pair of gloves {Stlth+}
Will     +....                  (no boots)
Stlth    ++++......             (no amulet)
HPRegen  0.17/turn              e - ring of willpower
MPRegen  0.16/turn              (no ring)

@: lethally poisoned (0 -> -9)
A: fangs 1, strong nose, distributed training
a: no special abilities


You were on level 5 of the Dungeon.
You visited 1 branch of the dungeon, and saw 8 of its levels.

You collected 285 gold pieces.

Inventory:

Hand Weapons
 a - a +0 dagger
 l - a +2 whip of pain (weapon)
 m - a +0 whip of electrocution
Armour
 b - a +0 robe (worn)
 c - a +0 hat (worn)
 n - a +0 ring mail
 p - a +0 pair of gloves of stealth (worn)
Jewellery
 e - a ring of willpower (left hand)
 j - a ring of fire
Scrolls
 d - 2 scrolls of teleportation
 g - a scroll of magic mapping {unknown}
 h - 2 scrolls of amnesia
 i - a scroll of immolation {unknown}
 k - a scroll of fog {unknown}
 o - a scroll of fear {unknown}
 q - a scroll of enchant weapon {unknown}
 r - a scroll of enchant armour {unknown}
Potions
 f - 2 potions of curing
 s - a potion of degeneration


   Skills:
 + Level 2.6 Fighting
 + Level 2.6 Short Blades
 + Level 2.6 Long Blades
 + Level 2.6 Axes
 + Level 2.6 Maces & Flails
 + Level 2.6 Polearms
 + Level 2.6 Staves
 + Level 2.6 Slings
 + Level 2.6 Bows
 + Level 2.6 Crossbows
 + Level 2.6 Throwing
 + Level 2.6 Armour
 + Level 5.3 Dodging
 + Level 5.0 Stealth
 + Level 2.6 Shields
 + Level 2.6 Unarmed Combat
 + Level 7.6 Spellcasting
 + Level 3.0 Conjurations
 + Level 2.1 Hexes
 + Level 3.0 Summonings
 + Level 2.1 Necromancy
 + Level 3.0 Translocations
 + Level 2.1 Transmutations
 + Level 2.1 Fire Magic
 + Level 2.1 Ice Magic
 + Level 2.1 Air Magic
 + Level 2.1 Earth Magic
 + Level 2.1 Poison Magic
 + Level 2.9 Invocations
 + Level 2.6 Evocations


You had 13 spell levels left.
You knew the following spells:

 Your Spells              Type           Power      Damage    Failure   Level
a - Magic Dart            Conj           56%        1d5       3%          1
b - Mephitic Cloud        Conj/Pois/Air  12%        N/A       14%         3
c - Blink                 Tloc           N/A        N/A       5%          2
d - Call Imp              Summ           14%        N/A       5%          2

Your spell library contained the following spells:

 Spells                   Type           Power      Damage    Failure   Level
 Slow                     Hex            11%        N/A       9%          2
 Conjure Flame            Conj/Fire      12%        6-21      14%         3


Dungeon Overview and Level Annotations

Branches:
Dungeon (8/15)             Temple (0/1) D:5
   Lair: D:8-11

Altars:
Xom

Annotations:
D:8 Grum


Innate Abilities, Weirdness & Mutations

You have very sharp teeth.
Your uncanny sense of smell can sniff out nearby items.
Your experience applies equally to all skills.


Message History

Aim: a scorpion (lightly wounded, 100% to hit)
The magic dart hits the scorpion but does no damage.
The scorpion is lightly wounded.
You feel sick. The scorpion closely misses you.
Casting: Magic Dart (safe; 3% risk of failure)
Confirm with . or Enter, or press ? or * to list all spells.
Aiming: Magic Dart (safe; 3% risk of failure)
Press: ? - help, Shift-Dir - straight line, f/p - scorpion
Aim: a scorpion (lightly wounded, 100% to hit)
The magic dart hits the scorpion but does no damage.
The scorpion is lightly wounded.
You feel sick. The scorpion completely misses you.
Casting: Magic Dart (safe; 3% risk of failure)
Confirm with . or Enter, or press ? or * to list all spells.
Aiming: Magic Dart (safe; 3% risk of failure)
Press: ? - help, Shift-Dir - straight line, f/p - scorpion
Aim: a scorpion (100% to hit)
The magic dart hits the scorpion but does no damage.
You feel sick. The scorpion misses you.
Casting: Magic Dart (safe; 3% risk of failure)
Confirm with . or Enter, or press ? or * to list all spells.
Aiming: Magic Dart (safe; 3% risk of failure)
Press: ? - help, Shift-Dir - straight line, f/p - scorpion
Aim: a scorpion (100% to hit)
The magic dart hits the scorpion but does no damage.
You feel sick.
You are no longer poisoned.
The scorpion stings you.
* * * LOW HITPOINT WARNING * * *
You are lethally poisoned!
The scorpion poisons you!
The orc priest hits the orc but does no damage.
The scorpion misses you.
Casting: Magic Dart (safe; 3% risk of failure)
Confirm with . or Enter, or press ? or * to list all spells.
You blink.
Found a leather armour.
* * * LOW HITPOINT WARNING * * *
You feel very sick. The orc hits you with a +0 dagger.
You die...

#...[ ###...####.
.......... ........ ∆
...... #...####.
#........ #@o)# ∆
#)o.# ###########s##
#.......# #§#
#####.###.####
#.#............# #####
#.#.....##.###.###.>.#
#.#.....##.#.......#.#
#.#..#..##.#.#.###...#


You could see a scorpion, an orc priest (confused) and an orc.

Vanquished Creatures
  3 ogres
  A phantom (D:5)
  A water moccasin skeleton (D:4)
  An orc priest (D:5)
  A gnoll shaman (D:5)
  2 iguanas (D:5)
  A hound skeleton (D:5)
  A howler monkey skeleton (D:5)
  3 adders
  6 gnolls
  3 adder skeletons (D:4)
  2 worms
  A dart slug (D:1)
  5 orcs (D:4)
  6 bats
  10 endoplasms
  5 giant cockroaches
  5 goblins
  8 hobgoblins
  4 jackals (D:3)
  3 quokkas (D:1)
  8 ball pythons
  2 frilled lizards
  5 kobolds
  5 rats
92 creatures vanquished.

Notes
Turn   | Place    | Note
-------+----------+-------------------------------------------
     0 | D:1      | leafyfresh the Gnoll Hedge Wizard began the quest for the
                  | Orb.
     0 | D:1      | Reached XP level 1. HP: 13/13 MP: 8/8
   578 | D:1      | Reached XP level 2. HP: 19/19 MP: 6/10
  1006 | D:1      | Reached XP level 3. HP: 6/25 MP: 1/11
  1380 | D:1      | Found a faded altar of an unknown god.
  2183 | D:1      | Reached skill level 1 in Invocations
  3515 | D:3      | Reached skill level 1 in Fighting
  3515 | D:3      | Reached skill level 1 in Short Blades
  3515 | D:3      | Reached skill level 1 in Long Blades
  3515 | D:3      | Reached skill level 1 in Axes
  3515 | D:3      | Reached skill level 1 in Maces & Flails
  3515 | D:3      | Reached skill level 1 in Polearms
  3515 | D:3      | Reached skill level 1 in Staves
  3515 | D:3      | Reached skill level 1 in Slings
  3515 | D:3      | Reached skill level 1 in Bows
  3515 | D:3      | Reached skill level 1 in Crossbows
  3515 | D:3      | Reached skill level 1 in Throwing
  3515 | D:3      | Reached skill level 1 in Armour
  3515 | D:3      | Reached skill level 1 in Shields
  3515 | D:3      | Reached skill level 1 in Unarmed Combat
  3515 | D:3      | Reached skill level 1 in Evocations
  4200 | D:1      | Learned a level 3 spell: Mephitic Cloud
  4203 | D:1      | Learned a level 2 spell: Blink
  4206 | D:1      | Learned a level 2 spell: Call Imp
  4458 | D:2      | Reached XP level 4. HP: 27/32 MP: 5/13
  5198 | D:3      | Reached skill level 1 in Hexes
  5198 | D:3      | Reached skill level 1 in Necromancy
  5198 | D:3      | Reached skill level 1 in Transmutations
  5198 | D:3      | Reached skill level 1 in Fire Magic
  5198 | D:3      | Reached skill level 1 in Ice Magic
  5198 | D:3      | Reached skill level 1 in Air Magic
  5198 | D:3      | Reached skill level 1 in Earth Magic
  5198 | D:3      | Reached skill level 1 in Poison Magic
  6080 | D:3      | Reached XP level 5. HP: 37/37 MP: 14/14
  6486 | D:4      | Noticed an ogre
  6784 | D:4      | Noticed an ogre
  6844 | D:3      | Killed an ogre
  6845 | D:3      | Reached XP level 6. HP: 3/44 MP: 1/16
  7649 | D:4      | Reached skill level 5 in Dodging
  8204 | D:5      | Entered Level 5 of the Dungeon
  8376 | D:5      | Found a staircase to the Ecumenical Temple.
  8393 | D:5      | Reached XP level 7. HP: 18/50 MP: 18/18
  8591 | D:5      | You fall into a shaft and drop 3 floors!
  8591 | D:8      | Noticed Grum
  8670 | D:8      | Found a shimmering altar of Xom.
  8856 | D:7      | Noticed a steam dragon
  9148 | D:5      | Reached skill level 5 in Stealth
  9165 | D:5      | Slain by an orc

Illustrated notes

Levels and vault maps discovered:
D:1:      dpeg_arrival_signposts, layout_basic, ebering_ecumenical_altar_hall,
          dk_noncrumbling_2
D:2:      layout_basic
D:3:      layout_loops_ring
D:4:      layout_gridville
D:5:      layout_loops_cross, mainiacjoe_overflow_swirl,
          minmay_temple_entry_wispy
D:6:      layout_basic, fedhas_altar_4, minivault_23, uniq_duvessa
D:7:      layout_rooms, mainiacjoe_overflow_brackets
D:8:      layout_cave_pods, kennysheep_little_box, erik_lair_dragon, uniq_grum

Skill      XL: |  1  2  3  4  5  6  7 |
---------------+----------------------+-----
Conjurations   | 2 3 |  3.0
Summonings     | 2 3 |  3.0
Translocations | 2 3 |  3.0
Invocations    | 1 2 |  2.9
Fighting       | 1 2 |  2.6
Short Blades   | 1 2 |  2.6
Long Blades    | 1 2 |  2.6
Axes           | 1 2 |  2.6
Maces & Flails | 1 2 |  2.6
Polearms       | 1 2 |  2.6
Staves         | 1 2 |  2.6
Slings         | 1 2 |  2.6
Bows           | 1 2 |  2.6
Crossbows      | 1 2 |  2.6
Throwing       | 1 2 |  2.6
Armour         | 1 2 |  2.6
Shields        | 1 2 |  2.6
Unarmed Combat | 1 2 |  2.6
Evocations     | 1 2 |  2.6
Hexes          | 1 2 |  2.1
Necromancy     | 1 2 |  2.1
Transmutations | 1 2 |  2.1
Fire Magic     | 1 2 |  2.1
Ice Magic      | 1 2 |  2.1
Air Magic      | 1 2 |  2.1
Earth Magic    | 1 2 |  2.1
Poison Magic   | 1 2 |  2.1
Dodging        | 5 |  5.3
Stealth        | 5 |  5.0
Spellcasting   | |  7.6

Action                   |  1- 3 |  4- 6 |  7- 9 || total
-------------------------+-------+-------+-------++-------
Melee: Dagger            |   175 |    55 |       ||   230
       Bite              |    11 |    18 |     3 ||    32
       Whip              |       |   186 |    28 ||   214
       Punch             |       |       |     1 ||     1
 Cast: Magic Dart        |    49 |    40 |    13 ||   102
       Mephitic Cloud    |     1 |     3 |     3 ||     7
       Blink             |       |     5 |     2 ||     7
  Use: Scroll            |       |     4 |     1 ||     5
 Stab: Sleeping          |    10 |     8 |     1 ||    19
       Confused          |       |     2 |     4 ||     6
       Distracted        |       |     1 |       ||     1
Armor: Robe              |    56 |    37 |     4 ||    97
Dodge: Dodged            |   148 |   162 |    22 ||   332
